 Dungeon Crawl Stone Soup version 0.25.1-2-g60ff931df9 (webtiles) character file.

Game seed: 16664941693181800202

514 buckplug the Shield-Bearer (level 7, -10/60 HPs)
             Began as a Hill Orc Fighter on Nov 15, 2020.
             Mangled by an orc warrior
             ... wielding a +0 battleaxe
              (14 damage)
             ... on level 4 of the Dungeon.
             The game lasted 00:24:39 (3939 turns).

buckplug the Shield-Bearer (Hill Orc Fighter)       Turns: 3939, Time: 00:24:40

Health: -10/60     AC:  9    Str: 20    XL:     7   Next: 20%
Magic:  7/7        EV:  8    Int:  8    God:
Gold:   128        SH: 15    Dex: 11    Spells: 6/6 levels left

rFire    . . .     SeeInvis .   a - +0 flail
rCold    . . .     Gourm    .   c - +0 kite shield
rNeg     . . .     Faith    .   b - +1 scale mail
rPois    .         Spirit   .   (no helmet)
rElec    .         Reflect  +   (no cloak)
rCorr    .         Harm     .   (no gloves)
MR       .....                  p - +0 pair of boots
Stlth    ..........             e - amulet of reflection
HPRegen  0.20/turn              (no ring)
MPRegen  0.10/turn              (no ring)

@: lethally poisoned (-10 -> -11)
A: wild magic 1, MP-powered wands
a: no special abilities


You were on level 4 of the Dungeon.
You were not hungry.

You visited 1 branch of the dungeon, and saw 5 of its levels.

You collected 128 gold pieces.

Inventory:

Hand Weapons
 a - a +0 flail (weapon)
 l - a +3 hunting sling of flaming
Missiles
 m - 3 sling bullets
Armour
 b - a +1 scale mail (worn)
 c - a +0 kite shield (worn)
 p - a +0 pair of boots (worn)
Jewellery
 e - an amulet of reflection (around neck)
Scrolls
 i - a scroll of identify
 j - 2 scrolls of magic mapping
Potions
 d - 2 potions of brilliance {unknown}
 g - a potion of flight
 h - a potion of ambrosia {unknown}
 n - a potion of degeneration {unknown}
 o - a potion of curing {unknown}
Comestibles
 f - 5 rations


   Skills:
 + Level 4.6 Fighting
 + Level 5.0 Maces & Flails
 + Level 0.3 Slings
 + Level 5.0 Armour
 + Level 0.9 Dodging
 + Level 0.1 Stealth
 + Level 5.3 Shields


You had 6 spell levels left.
You didn't know any spells.
Your spell library was empty.

Dungeon Overview and Level Annotations

Branches:
Dungeon (5/15)
 Temple: D:4-7

Altars:
Xom


Innate Abilities, Weirdness & Mutations

Your spells are a little harder to cast, but a little more powerful.
You expend magic power (3 MP) to strengthen your wands.


Message History

You are more poisoned.
The adder poisons you!
You climb upwards.
You feel sick. The orc hits you but does no damage. You block the orc's attack.
There is a stone staircase leading down, spattered with blood here.
You feel sick. You block the orc's attack.
Things that are here:
a +0 short sword; an orc corpse You feel sick.
You feel sick.
The orc shouts!
You feel sick. The orc warrior barely misses you. You block the orc's attack.
Things that are here:
a +0 giant club; an ogre corpse You feel sick.
You block the orc's attack.
You feel sick.
There is a stone staircase leading up here.
The orc warrior hits you with a +0 battleaxe!
You die...

...So.... ....... #.
..... #. ... #. ##.# #.
#####.(##### #.
##..........# #.
##....(....>..#
#.###.@.%...........
#..##Soo...........#
##.##...o..........#
###....o.............
###.....$.............#
#....).)#............#
####..>###..........#
##..)....###.####
#.#####.....#


You could see an orc warrior, an adder and 3 orcs.

Vanquished Creatures
  An ogre (D:4)
  A scorpion (D:4)
  A hound (D:4)
  3 orc priests
  An iguana (D:4)
  2 orc wizards (D:3)
  Jessica (D:3)
  2 worker ants (D:4)
  An adder (D:2)
  An ooze (D:3)
  4 worms
  2 dart slugs (D:2)
  2 leopard geckos (D:3)
  13 orcs
  A ball python (D:2)
  5 bats
  7 goblins
  3 hobgoblins
  6 jackals
  7 kobolds
  A quokka (D:3)
  6 frilled lizards
  A rat (D:1)
72 creatures vanquished.

Notes
Turn   | Place    | Note
-------+----------+-------------------------------------------
     0 | D:1      | buckplug the Hill Orc Fighter began the quest for the Orb.
     0 | D:1      | Reached XP level 1. HP: 19/19 MP: 1/1
   338 | D:1      | Gained mutation: You expend magic power (3 MP) to
                  | strengthen your wands. [potion of mutation]
   338 | D:1      | Gained mutation: Your spells are a little harder to cast,
                  | but a little more powerful. [potion of mutation]
   565 | D:2      | Found a shimmering altar of Xom.
   572 | D:2      | Reached XP level 2. HP: 24/27 MP: 2/2
   708 | D:2      | Reached XP level 3. HP: 33/33 MP: 3/3
   738 | D:2      | Reached XP level 4. HP: 7/40 MP: 4/4
  1881 | D:2      | Reached XP level 5. HP: 46/46 MP: 5/5
  3266 | D:3      | Noticed Jessica
  3273 | D:3      | Reached XP level 6. HP: 45/52 MP: 6/6
  3278 | D:3      | Killed Jessica
  3561 | D:4      | HP: 2/53 [worm (2)]
  3564 | D:4      | Reached skill level 5 in Shields
  3574 | D:5      | Entered Level 5 of the Dungeon
  3895 | D:4      | Reached skill level 5 in Maces & Flails
  3895 | D:4      | Reached skill level 5 in Armour
  3895 | D:4      | Reached XP level 7. HP: 42/60 MP: 7/7
  3939 | D:4      | Mangled by an orc warrior

Illustrated notes

Levels and vault maps discovered:
D:1:      minmay_arrival_arboretum_large, layout_loops_ring
D:2:      cheibrodos_pilgrimage, layout_loops_cross, xom_teletrap_fun,
          first_ration
D:3:      layout_basic, minmay_stone_trees_small, kennysheep_jessica_study
D:4:      layout_rooms, vehumet_statue
D:5:      layout_loops_ring, kennysheep_mini_moat, serial_shops, shop

Skill      XL: |  1  2  3  4  5  6 |
---------------+-------------------+-----
Armour         | 4 5 |  5.0
Fighting       | 4 |  4.6
Shields        | 4 5 |  5.3
Maces & Flails | 3 4 5 |  5.0
Slings         | |  0.3
Dodging        | |  0.9
Stealth        | |  0.1

Action                   |  1- 3 |  4- 6 |  7- 9 || total
-------------------------+-------+-------+-------++-------
Melee: Flail             |    52 |   278 |    10 ||   340
 Fire: Hunting sling     |       |    11 |       ||    11
  Use: Scroll            |     3 |     8 |       ||    11
       Potion            |     3 |     2 |       ||     5
  Eat: Ration            |       |     3 |       ||     3
Armor: Scale mail        |    36 |    89 |     8 ||   133
Dodge: Dodged            |    16 |    87 |     6 ||   109
Block: Kite shield       |    39 |   183 |    21 ||   243
